 Dungeon Crawl Stone Soup version 0.22-a0-348-gd16d1391c7 (webtiles) character file.

2517 Laan the Arsonist (level 9, -1/45 HPs)
             Began as a Deep Elf Fire Elementalist on Apr 9, 2018.
             Slain by an ice beast (3 damage)
             ... on level 6 of the Dungeon.
             The game lasted 00:15:15 (8663 turns).

Laan the Arsonist (Deep Elf Fire Elementalist)      Turns: 8663, Time: 00:15:15

Health: -1/45      AC:  5    Str:  8    XL:     9   Next: 29%
Magic:  22/22      EV: 13    Int: 24    God:
Gold:   236        SH:  0    Dex: 15    Spells: 5/23 levels left

rFire    . . .     SeeInvis .   B - +4 flail (protect)
rCold    . . .     Gourm    .   (no shield)
rNeg     . . .     Faith    .   A - +0 robe
rPois    .         Spirit   .   k - +0 helmet
rElec    .         Reflect  .   (no cloak)
rCorr    .         Harm     .   (no gloves)
MR       .....                  C - +1 pair of boots
Stlth    ++........             (no amulet)
HPRegen  0.15/turn              p - ring of flight
MPRegen  0.18/turn              D - +3 ring of strength

@: no status effects
A: no striking features
a: Evoke Flight


You were on level 6 of the Dungeon.
You were not hungry.

You visited 1 branch of the dungeon, and saw 6 of its levels.
You also visited: Sewer and Ossuary.

You collected 236 gold pieces.

Inventory:

Hand Weapons
 g - a +0 short sword
 r - a +1 short sword of speed
 B - a +4 flail of protection (weapon)
Armour
 j - a +2 large shield
 k - a +0 helmet (worn)
 A - a +0 robe (worn)
 C - a +1 pair of boots (worn)
Magical Staves
 v - an uncursed staff of wizardry {unknown}
Jewellery
 p - a ring of flight (left hand)
 D - a +3 ring of strength (right hand)
 K - an uncursed ring of protection from fire {unknown}
Wands
 M - a wand of random effects (27)
Scrolls
 a - a scroll of immolation {unknown}
 b - 5 scrolls of remove curse
 f - 12 scrolls of identify
 l - 3 scrolls of fog {unknown}
 m - a scroll of amnesia {unknown}
 n - a scroll of enchant weapon {unknown}
 t - 3 scrolls of magic mapping {unknown}
 w - 4 scrolls of teleportation {unknown}
 y - 4 scrolls of blinking {unknown}
 E - a scroll of enchant armour {unknown}
 F - 2 scrolls of random uselessness {unknown}
 I - a scroll of vulnerability {unknown}
 J - a scroll of holy word {unknown}
Potions
 d - 2 potions of might
 e - 2 potions of ambrosia {unknown}
 h - 3 potions of lignification {unknown}
 i - 2 potions of flight {unknown}
 o - 7 potions of curing
 q - 3 potions of resistance
 s - 2 potions of magic {unknown}
 u - 3 potions of degeneration {unknown}
 x - a potion of invisibility {unknown}
 z - a potion of haste {unknown}
 G - 2 potions of agility {unknown}
 H - a potion of mutation {unknown}
 L - a potion of brilliance {unknown}
Comestibles
 c - 7 rations


   Skills:
 - Level 2.4 Dodging
 - Level 2.4 Stealth
 + Level 7.8 Spellcasting
 * Level 8.8 Conjurations
 * Level 9.3 Fire Magic


You had 5 spell levels left.
You knew the following spells:

 Your Spells              Type           Power        Failure   Level  Hunger
a - Flame Tongue          Conj/Fire      #####        1%          1    None
b - Throw Flame           Conj/Fire      ######       1%          2    None
c - Conjure Flame         Conj/Fire      ######..     1%          3    None
d - Sticky Flame          Conj/Fire      ######..     1%          4    ###....
e - Stone Arrow           Conj/Erth      ####..       3%          3    None
f - Fireball              Conj/Fire      ######....   4%          5    #####..


Dungeon Overview and Level Annotations

Branches:
Dungeon (6/15)
 Temple: D:4-7

Altars:
Dithmenos
Elyvilon
Hepliaklqana
Ru
Sif Muna

Annotations:
D:6 1 transporter


Message History

The ice beast is covered in liquid flames!
The ice beast burns!
The ice beast hits you. The ice beast freezes you!
Casting: Sticky Flame (safe; 1% risk of failure)
Confirm with . or Enter, or press ? or * to list all spells.
Aiming: Flame Tongue (safe; 1% risk of failure)
Press: ? - help, Shift-Dir - straight line, f/p - ice beast
Aim: an ice beast (almost dead, covered in liquid flames)
The flame tongue misses the ice beast.
The ice beast burns!
You kill the ice beast!
You start resting.
Magic restored.
Really walk into a travel-excluded area?
An ice beast comes into view.
You are engulfed in freezing vapours.
There is an open gate here.
You are engulfed in freezing vapours.
* * * LOW HITPOINT WARNING * * *
There is an open gate here.
The ice beast hits you.
You die...

................©.## #.#.#
#.##..##...###########.#.#
...........#§§§)©!§§§#.#.#
......##...#§§§$[$§§§#.#.##
####..##...#§§§...§§§#.#..#
#.#..##...#§§§§§§§§§#.#..#
##.#..##...#.§§§§§.§§#.#..#
......##...####§§Y####.#..#
##.##.##....#§§.@.§§#..#..#######
...##.##..#.#§§#.#§§#.##.........
......##..#.#§§...§§#.##..#####.#
............#§§#©#§§#.##........#
##.##.#..##.#§§§§§§§#.....#####.#
#.##.#..##.#§§§§§§§#.##..#####.#
##..........#########...........#
......#..##.....©.....##..##.##.#
##..###..##.#...............(...#


You could see an ice beast.

Vanquished Creatures
  The ghost of NeAGen181 the Skirmisher, an amateur MiAK of Lugonu (D:5)
  2 ice beasts (D:6)
  An orc warrior (D:6)
  A hornet zombie (Ossuary)
  An ogre (D:4)
  A centaur (D:5)
  A crocodile (Sewer)
  Blork the orc (D:6)
  A wyvern zombie (Ossuary)
  2 water moccasin zombies (Ossuary)
  A scorpion (D:6)
  3 crimson imps
  5 bullfrog zombies (Ossuary)
  3 centaur zombies (Ossuary)
  2 orc priests
  3 hounds
  A jelly (D:6)
  An iguana (D:6)
  Natasha (twice) (D:3)
  5 orc wizards
  3 worker ants
  3 hound zombies
  A hound skeleton (D:4)
  15 mummies
  3 worker ant zombies (Ossuary)
  A howler monkey zombie (Ossuary)
  Robin (D:4)
  6 adders
  6 gnolls
  A shadow imp (D:6)
  2 oozes
  An adder zombie (Ossuary)
  3 worms
  3 dart slugs
  A leopard gecko (D:2)
  20 orcs
  7 bats
  13 giant cockroaches
  16 goblins
  12 hobgoblins
  8 jackals
  A quokka (D:5)
  A ball python (D:2)
  4 frilled lizards
  A giant cockroach zombie (Ossuary)
  10 kobolds
  A leopard gecko zombie (Ossuary)
  A quokka skeleton (D:6)
  A quokka zombie (Ossuary)
  7 rats
191 creatures vanquished.

Vanquished Creatures (others)
  2 withered plants (Ossuary)
2 creatures vanquished.

Grand Total: 193 creatures vanquished

Notes
Turn   | Place    | Note
-------+----------+-------------------------------------------
     0 | D:1      | Laan the Deep Elf Fire Elementalist began the quest for the Orb.
     0 | D:1      | Reached XP level 1. HP: 10/10 MP: 6/6
   149 | D:1      | Reached XP level 2. HP: 15/15 MP: 8/8
   483 | D:1      | Reached XP level 3. HP: 19/19 MP: 6/9
   757 | D:2      | Reached skill level 4 in Fire Magic
  1060 | D:2      | Reached XP level 4. HP: 24/24 MP: 7/11
  1257 | D:2      | Learned a level 2 spell: Throw Flame
  1261 | D:2      | Learned a level 3 spell: Conjure Flame
  1266 | D:2      | Learned a level 4 spell: Sticky Flame
  1677 | D:3      | Noticed Natasha
  1687 | D:3      | Killed Natasha
  1724 | D:3      | Reached XP level 5. HP: 27/28 MP: 8/13
  2236 | D:3      | Reached skill level 5 in Fire Magic
  3009 | D:4      | Reached XP level 6. HP: 23/32 MP: 5/14
  3136 | D:4      | Found a glowing drain.
  3254 | Sewer    | Entered a sewer
  3362 | Sewer    | Reached skill level 5 in Spellcasting
  3362 | Sewer    | Reached skill level 5 in Conjurations
  3362 | Sewer    | Reached skill level 6 in Fire Magic
  3544 | D:4      | Noticed Robin
  3579 | D:3      | Noticed Natasha
  3583 | D:3      | Killed Natasha
  3766 | D:3      | Reached XP level 7. HP: 24/36 MP: 12/16
  3957 | D:4      | Found a sacrificial altar of Ru.
  4476 | D:4      | Killed Robin
  4573 | D:5      | Entered Level 5 of the Dungeon
  4841 | D:5      | Noticed NeAGen181's ghost (amateur MiAK)
  4944 | D:5      | Killed NeAGen181's ghost
  5032 | D:5      | Reached skill level 7 in Fire Magic
  5754 | D:5      | Found a hazy altar of Hepliaklqana.
  5754 | D:5      | Found a white marble altar of Elyvilon.
  5759 | D:5      | Learned a level 3 spell: Stone Arrow
  6004 | D:6      | Noticed Blork the orc
  6012 | D:6      | Killed Blork the orc
  6012 | D:6      | Reached XP level 8. HP: 36/41 MP: 4/19
  6130 | D:6      | Found a sand-covered staircase.
  6139 | Ossuary  | Entered an ossuary
  6487 | Ossuary  | Reached skill level 8 in Fire Magic
  7476 | D:6      | Reached XP level 9. HP: 45/45 MP: 12/22
  7576 | D:6      | Found a transporter.
  7674 | D:6      | Learned a level 5 spell: Fireball
  7787 | D:6      | Reached skill level 9 in Fire Magic
  8008 | D:6      | Found a shadowy altar of Dithmenos.
  8443 | D:6      | Found a transporter.
  8454 | D:6      | Found a deep blue altar of Sif Muna.
  8661 | D:6      | HP: 2/45 [something (19)]
  8663 | D:6      | Slain by an ice beast

Vault maps used:
D:1:      eino_arrival_water_star, minmay_distorted
D:3:      first_ration, uniq_natasha
D:4:      nicolae_ru_path_of_blood, gup_sewer_entry_glass, kennysheep_nub,
          uniq_robin
D:5:      gammafunk_temple_overflow_elements
D:6:      gammafunk_cloud_chamber, led_sif_book, marbit_many_paths,
          gup_ossuary_entry_pyramid, grunt_ministairs_10, uniq_blork_the_orc
Sewer:    sewer_the_crocodile
Ossuary:  ossuary_zaba_flooded

Skill      XL: |  1  2  3  4  5  6  7  8  9 |
---------------+----------------------------+-----
Conjurations   | 2 3 4 5 6 8 |  8.8
Fire Magic     | 4 5 6 7 8 9 |  9.3
Spellcasting   | 4 5 6 7 |  7.8
Dodging        | |  2.4
Stealth        | |  2.4

Action                   |  1- 3 |  4- 6 |  7- 9 || total
-------------------------+-------+-------+-------++-------
Melee: Short sword       |     2 |    16 |       ||    18
       Flail             |       |       |    24 ||    24
 Cast: Flame Tongue      |    60 |   135 |   205 ||   400
       Throw Flame       |       |     5 |    60 ||    65
       Conjure Flame     |       |     1 |     2 ||     3
       Sticky Flame      |       |       |     5 ||     5
       Stone Arrow       |       |       |     4 ||     4
  Use: Scroll            |       |     2 |     1 ||     3
       Potion            |       |       |     4 ||     4
 Stab: Sleeping          |     1 |     2 |       ||     3
  Eat: Chunk             |       |     8 |     7 ||    15
       Ration            |       |       |     3 ||     3
Armor: Robe              |     6 |    20 |    32 ||    58
Dodge: Dodged            |    10 |    81 |    80 ||   171

Table legend:
 A = Spawn XP
 B = Non-spawn XP
 C = Spawn XP percentage of total XP
 D = Spawn monster count
 E = Non-spawn monster count
 F = Spawn count percentage of total count
 G = Total turns spent on level
                    A         B        C        D         E        F      G
               +---------+---------+-------+---------+---------+-------+---------
         Total |       0 |    3597 |   0.0 |       0 |     191 |   0.0 |  8663
               +---------+---------+-------+---------+---------+-------+---------
           D:1 |       0 |      48 |   0.0 |       0 |      25 |   0.0 |   746
           D:2 |       0 |      94 |   0.0 |       0 |      25 |   0.0 |   770
           D:3 |       0 |     226 |   0.0 |       0 |      33 |   0.0 |  1656
           D:4 |       0 |     361 |   0.0 |       0 |      24 |   0.0 |  1187
           D:5 |       0 |     535 |   0.0 |       0 |      18 |   0.0 |  1398
           D:6 |       0 |    1005 |   0.0 |       0 |      24 |   0.0 |  1350
         Sewer |       0 |     112 |   0.0 |       0 |       6 |   0.0 |   231
       Ossuary |       0 |    1216 |   0.0 |       0 |      36 |   0.0 |  1325
               +---------+---------+-------+---------+---------+-------+---------
